 Dungeon Crawl Stone Soup version 0.28.0-47-ge53b351184 (webtiles) character file.

Game seed: 14774836136503509001

84 CryoSword the Grasshopper (level 4, 0/35 HPs)
             Began as a Demonspawn Warper on May 6, 2022.
             Slain by an orc
             ... wielding a +0 hand axe
              (5 damage)
             ... on level 4 of the Dungeon.
             The game lasted 00:04:29 (2267 turns).

CryoSword the Grasshopper (Demonspawn Warper)       Turns: 2267, Time: 00:04:29

Health: 0/35       AC:  4    Str: 14    XL:     4   Next: 24%
Magic:  4/7        EV: 11    Int: 14    God:
Gold:   118        SH:  0    Dex: 12    Spells: 2/7 levels left

rFire   . . .      SeeInvis .   h - +3 falchion
rCold   . . .      Faith    .   (no shield)
rNeg    . . .      Spirit   .   b - +0 leather armour
rPois   .          Reflect  .   (no helmet)
rElec   .          Harm     .   (no cloak)
rCorr   .          Rampage  .   (no gloves)
Will    .....                   a - +0 pair of boots
Stlth   +.........              (no amulet)
HPRegen 0.11/turn               (no ring)
MPRegen 0.10/turn               (no ring)

@: on blink cooldown
A: demonic guardian 2
a: no special abilities


You were on level 4 of the Dungeon.
You visited 1 branch of the dungeon, and saw 3 of its levels.

You collected 118 gold pieces.

Inventory:

Hand Weapons
 h - a +3 falchion (weapon)
   (You found it on level 1 of the Dungeon)
Missiles
 d - 5 boomerangs of dispersal (quivered) {!f}
 j - 5 boomerangs
Armour
 a - a +0 pair of boots (worn)
   (You found it on level 1 of the Dungeon)
 b - a +0 leather armour (worn)
Scrolls
 c - a scroll of blinking
 e - 5 scrolls of identify {unknown}
 f - a scroll of immolation {unknown}
 i - 3 scrolls of teleportation {unknown}
 k - a scroll of enchant armour {unknown}
Potions
 g - a potion of resistance {unknown}


   Skills:
 * Level 3.2 Fighting
 * Level 1.4 Long Blades
 - Level 2.2 Axes
 - Level 0.8 Throwing
 - Level 0.8 Armour
 - Level 1.7 Dodging
 - Level 2.0 Spellcasting
 + Level 3.2 Translocations


You had 2 spell levels left.
You knew the following spells:

 Your Spells              Type           Power      Damage    Failure   Level
a - Teleport Other        Tloc           10%        N/A       24%         3
B - Blink                 Tloc           20%        N/A       12%         2

Your spell library contained the following spells:

 Spells                   Type           Power      Damage    Failure   Level
 Gell's Gravitas          Tloc           10%        N/A       24%         3
 Lesser Beckoning         Tloc           10%        N/A       24%         3
 Portal Projectile        Hex/Tloc       10%        N/A       41%         3
 Call Canine Familiar     Summ           1%         N/A       65%         3
 Manifold Assault         Tloc           10%        N/A       91%         5
 Leda's Liquefaction      Hex/Erth       0%         N/A       96%         4


Dungeon Overview and Level Annotations

Branches:
Dungeon (2/15)

Altars:


Innate Abilities, Weirdness & Mutations

A demonic guardian rushes to your aid.


Message History

Found 19 arrows.
You see here 19 arrows.
You now have 118 gold pieces (gained 3).
A dart slug comes into view.
The dart slug launches a dart at you. The slug dart misses you.
A dart slug is nearby!
A dart slug is nearby!
You hit the dart slug.
You punch the dart slug, but do no damage.
The dart slug launches a dart at you. The slug dart misses you.
You hit the dart slug.
You kill the dart slug!
No target in view!
Memorise Blink, consuming 2 spell levels and leaving 4?
You start memorising the spell.
You continue memorising. x2
You finish memorising.
Spell assigned to 'B'.
This spell is quite dangerous to cast!
Memorise Teleport Other, consuming 3 spell levels and leaving 1?
You start memorising the spell.
You continue memorising. x3
You finish memorising.
Spell assigned to 'a'.
Okay, then.
A sourceless malevolence fills the Dungeon...
You fall into a shaft and drop 2 floors!
The shaft crumbles and collapses.
Found a stone staircase leading down.
Unknown command.
A hobgoblin comes into view.
The hobgoblin shouts!
You hear a shout!
The hobgoblin closely misses you.
A goblin comes into view. It is wielding a +0 club.
You hit the hobgoblin. The hobgoblin hits you.
You hit the hobgoblin. The hobgoblin barely misses you.
You hit the hobgoblin.
You kill the hobgoblin!
The goblin misses you.
You closely miss the goblin. The goblin hits you but does no damage.
You closely miss the goblin. The goblin barely misses you.
The goblin completely misses you.
You miss the goblin. The goblin hits you with a +0 club.
You closely miss the goblin. The goblin misses you.
You hit the goblin. The goblin hits you but does no damage.
You barely miss the goblin. The goblin barely misses you.
The goblin hits you with a +0 club.
You hit the goblin.
You kill the goblin!
A howler monkey skeleton comes into view.
Found a scroll labelled TUC PEONKAOTHRA.
You hit the howler monkey skeleton.
The howler monkey skeleton barely misses you.
The howler monkey skeleton closely misses you.
You hit the howler monkey skeleton.
The howler monkey skeleton hits you but does no damage.
You slash the howler monkey skeleton!
The howler monkey skeleton hits you but does no damage.
You slash the howler monkey skeleton!
You destroy the howler monkey skeleton!
You have reached level 4!
You feel stronger.
Your demonic ancestry asserts itself...
Your guardian grows in power.
You start resting.
Unknown command.
Okay, then.
Found 10 arrows.
k - a scroll labelled TUC PEONKAOTHRA A kobold comes into view.
It is wielding a +0 dagger and quivering poisoned darts.
The kobold shouts!
The kobold throws a poisoned dart.
The poisoned dart barely misses you.
An orc comes into view.
It is wielding a +1 short sword of holy wrath.
The kobold hits you with a +0 dagger.
You hit the kobold.
You kill the kobold!
An orc comes into view. It is wielding a +0 morningstar.
The teleport trap disappears.
The orc disappears!
Things that are here:
a +0 dagger; 4 poisoned darts; a kobold corpse 2 orcs come into view.
The orc shouts!
The orc moves out of view.
You closely miss the orc. The orc closely misses you. The orc misses you.
You hit the orc.
You kill the orc!
A hobgoblin comes into view.
You see here a +0 morningstar.
The hobgoblin shouts!
You hit the orc. The orc hits you but does no damage.
You hit the orc.
You kill the orc!
A goblin comes into view. It is wielding a +0 club.
Things that are here:
a +0 dagger; a +0 ring mail; an orc corpse The orc shouts!
You hit the hobgoblin. The hobgoblin barely misses you.
The hobgoblin closely misses you.
You barely miss the hobgoblin. The hobgoblin closely misses you.
Things that are here:
a +0 dagger; a +0 ring mail; an orc corpse You see here a +0 morningstar.
The orc closely misses you. The hobgoblin misses you.
You closely miss the hobgoblin.
The orc hits you with a +1 short sword of holy wrath.
You convulse!
The hobgoblin hits you.
The orc hits you with a +1 short sword of holy wrath.
You convulse.
The hobgoblin hits you but does no damage.
The goblin hits you but does no damage.
You open the door.
The hobgoblin hits you but does no damage.
There is an open door here.
You hit the goblin.
You kill the goblin!
The hobgoblin hits you but does no damage.
Here: an orc, wielding a +1 short sword of holy wrath The floor.
You hit the hobgoblin.
The hobgoblin hits you but does no damage.
You slash the hobgoblin!
You kill the hobgoblin!
As you open the door, it creaks loudly!
There is an open door here.
A kobold comes into view. It is wielding a +1 dagger of pain.
You blink.
The kobold hits you with a +1 dagger of pain.
Here: a kobold, wielding a +1 dagger of pain The floor.
The kobold hits you with a +1 dagger of pain.
* * * LOW HITPOINT WARNING * * *
The kobold hits you with a +1 dagger of pain.
* * * LOW HITPOINT WARNING * * *
A demonic guardian appears!
There is an open door here.
You feel stable enough to blink again.
The orc hits your rust devil but does no damage.
You miss the kobold.
The orc hits your rust devil with a +0 hand axe.
The kobold hits you with a +1 dagger of pain.
* * * LOW HITPOINT WARNING * * *
Your rust devil hits the orc!
The orc dies!
You hit the orc. The orc hits you with a +0 hand axe.
* * * LOW HITPOINT WARNING * * *
The kobold hits you but does no damage.
You writhe in agony.
* * * LOW HITPOINT WARNING * * *
The orc closely misses you.
You blink.
The orc hits you with a +0 hand axe.
You die...

#...............
#.....))........
#...............
#...............
##...............
#...######.###.##
#...# ... #
#...##### ####
#......@####
#.......oK.#
####...)##4#
#....'..#
#....##.#
#....##.#
#######.# #.. ###


You could see an orc (ally target), a kobold and a friendly rust devil
(summoned).

Vanquished Creatures
  A howler monkey skeleton (D:4)
  An adder (D:2)
  3 dart slugs (D:2)
  2 orcs (D:4)
  2 endoplasms
  2 giant cockroaches (D:2)
  4 goblins
  5 hobgoblins
  4 jackals (D:1)
  2 kobolds
  2 quokkas (D:1)
  4 ball pythons
  5 bats
  5 frilled lizards (D:2)
  6 rats
48 creatures vanquished.

Vanquished Creatures (collateral kills)
  An orc (D:4)
  An endoplasm (D:2)
  A hobgoblin (D:1)
  2 ball pythons
  A rat (D:2)
6 creatures vanquished.

Grand Total: 54 creatures vanquished

Notes
Turn   | Place    | Note
-------+----------+-------------------------------------------
     0 | D:1      | CryoSword the Demonspawn Warper began the quest for the
                  | Orb.
     0 | D:1      | Reached XP level 1. HP: 16/16 MP: 3/3
   296 | D:1      | Gained mutation: A weak demonic guardian rushes to your
                  | aid. [demonic ancestry]
   296 | D:1      | Reached XP level 2. HP: 22/22 MP: 5/5
  1368 | D:2      | Reached XP level 3. HP: 21/28 MP: 6/6
  1731 | D:2      | Reached skill level 1 in Long Blades
  2086 | D:2      | Learned a level 2 spell: Blink
  2090 | D:2      | Learned a level 3 spell: Teleport Other
  2114 | D:2      | You fall into a shaft and drop 2 floors!
  2165 | D:4      | Gained mutation: A demonic guardian rushes to your aid.
                  | [demonic ancestry]
  2165 | D:4      | Reached XP level 4. HP: 33/35 MP: 7/7
  2267 | D:4      | Slain by an orc

Illustrated notes

Levels and vault maps discovered:
D:1:      saegor_arrival_under_anarchy, layout_rooms, serial_co_window_serial,
          co_window_paths_b, co_window_corner_a, co_window_cross_1,
          co_window_corner_a, co_window_paths_b, co_window_cross_2,
          co_window_2corner, co_window_corner_b, co_window_corner_b,
          co_window_2corner, co_window_corner_b, co_window_broadway_b,
          glass_columns_a, glass_columns_b, glass_columns_c, glass_columns_a,
          glass_columns_a
D:2:      layout_rooms, grunt_ministairs_11, minivault_27,
          minmay_fractal_squares_5
D:4:      layout_basic, uniq_edmund

Skill      XL: |  1  2  3 |
---------------+----------+-----
Axes           | 2 |  2.2
Translocations | 3 |  3.2
Long Blades    | 1 |  1.4
Fighting       | 3 |  3.2
Throwing       | |  0.8
Armour         | |  0.8
Dodging        | |  1.7
Spellcasting   | |  2.0

Action                   |  1- 3 |  4- 6 || total
-------------------------+-------+-------++-------
Melee: Hand axe          |    36 |       ||    36
       Falchion          |   100 |    13 ||   113
       Punch             |     1 |       ||     1
 Cast: Blink             |       |     2 ||     2
Armor: Leather armour    |    56 |     7 ||    63
Dodge: Dodged            |   110 |     9 ||   119
